 Dungeon Crawl Stone Soup version 0.21.1-1-g345015f (webtiles) character file.

46 letownia2 the Magician (level 3, -1/24 HPs)
             Began as a Merfolk Wizard on Mar 11, 2018.
             Slain by an ogre
             ... wielding a +0 giant club
              (25 damage)
             ... on level 4 of the Dungeon.
             The game lasted 00:05:16 (972 turns).

letownia2 the Magician (Merfolk Wizard)              Turns: 972, Time: 00:05:17

Health: -1/24      AC:  2    Str:  8    XL:     3   Next: 66%
Magic:  7/7        EV: 13    Int: 17    God:
Gold:   46         SH:  0    Dex: 12    Spells: 2/8 levels left

rFire    . . .     SeeInvis .   g - +0 dagger
rCold    . . .     Gourm    .   (no shield)
rNeg     . . .     Faith    .   a - +0 robe
rPois    .         Spirit   .   b - +0 hat
rElec    .         Reflect  .   (no cloak)
rCorr    .         Harm     .   (no gloves)
MR       .....                  (no boots)
Stlth    ++........             (no amulet)
HPRegen  0.08/turn              (no ring)
MPRegen  0.10/turn              (no ring)

@: no status effects
A: change form in water, swift swim, stealthy swim
a: no special abilities


You were on level 4 of the Dungeon.
You were hungry.

You visited 1 branch of the dungeon, and saw 4 of its levels.

You collected 46 gold pieces.

Inventory:

Hand Weapons
 g - a +0 dagger (weapon)
Missiles
 j - 4 tomahawks (quivered)
 k - 23 sling bullets
Armour
 a - a +0 robe (worn)
 b - a +0 hat (worn)
Scrolls
 e - 4 scrolls of teleportation {unknown}
 f - 2 scrolls of identify {unknown}
 h - a scroll of remove curse {unknown}
 i - a scroll of amnesia {unknown}
Potions
 l - a potion of lignification {unknown}
Books
 c - a book of Minor Magic

   Spells                             Type                      Level
   a - Magic Dart                     Conjuration                  1
   b - Blink                          Translocation                2
   c - Call Imp                       Summoning                    2
   d - Slow                           Hexes                        2
   e - Conjure Flame                  Conjuration/Fire             3
   f - Mephitic Cloud                 Conjuration/Poison/Air       3
Comestibles
 d - 2 rations


   Skills:
 - Level 2.6 Dodging
 - Level 2.1 Stealth
 - Level 3.0 Spellcasting
 - Level 2.2 Conjurations
 + Level 1.7 Summonings
   Level 0.7 Translocations
 + Level 0.3 Air Magic
 + Level 0.6 Poison Magic


You had 2 spell levels left.
You knew the following spells:

 Your Spells              Type           Power        Failure   Level  Hunger
a - Magic Dart            Conj           ##..         7%          1    None
e - Mephitic Cloud        Conj/Pois/Air  #.......     32%         3    ###....
i - Call Imp              Summ           #.......     13%         2    ##.....


Dungeon Overview and Level Annotations

Branches:
Dungeon (4/15)
 Temple: D:4-7

Altars:

Annotations:
D:3 Jessica


Message History

You hit the ooze but do no damage.
The ooze is almost dead.
The ooze barely misses you.
Your crimson imp hits the ooze.
The ooze dies!
No target in view!
Your crimson imp blinks!
You swap places.
Okay, then.
Your crimson imp disappears in a puff of smoke!
Found an escape hatch in the floor.
An ogre comes into view. It is wielding a giant club.
The ogre shouts!
You hit the ogre.
The ogre is lightly wounded.
The ogre barely misses you.
You hit the ogre.
The ogre is moderately wounded.
The ogre hits you with a giant club!!
Ouch! That really hurt!
You die...

#.#####
#..O@.#
#..##.# # #.
#.# .. .. #.#
. ## #.### .
#...# ####
.###### ###.#
#.. ......
#.# #>#
#..########.#


You could see an ogre.

Vanquished Creatures
  An adder (D:3)
  A leopard gecko (D:2)
  4 giant cockroaches
  5 goblins
  A hobgoblin (D:1)
  2 jackals (D:3)
  A kobold (D:3)
  A bat (D:1)
  A frilled lizard (D:2)
  7 rats
24 creatures vanquished.

Vanquished Creatures (collateral kills)
  An adder (D:2)
  An ooze (D:4)
  A worm (D:2)
  An orc (D:3)
  A giant cockroach (D:2)
  A hobgoblin (D:3)
  A quokka (D:3)
7 creatures vanquished.

Grand Total: 31 creatures vanquished

Notes
Turn   | Place    | Note
-------+----------+-------------------------------------------
     0 | D:1      | letownia2 the Merfolk Wizard began the quest for the Orb.
     0 | D:1      | Reached XP level 1. HP: 13/13 MP: 4/4
    92 | D:1      | Reached skill level 1 in Conjurations
   208 | D:1      | Reached XP level 2. HP: 5/19 MP: 3/6
   298 | D:2      | Learned a level 2 spell: Call Imp
   550 | D:2      | Reached XP level 3. HP: 15/24 MP: 2/7
   612 | D:3      | Noticed Jessica
   694 | D:2      | Learned a level 3 spell: Mephitic Cloud
   970 | D:4      | Noticed an ogre
   972 | D:4      | Slain by an ogre

Skill      XL: |  1  2 |
---------------+-------+-----
Conjurations   | 1 2 |  2.2
Dodging        | |  2.6
Stealth        | |  2.1
Spellcasting   | |  3.0
Summonings     | |  1.7
Translocations | |  0.7
Air Magic      | |  0.3
Poison Magic   | |  0.6

Action                   || total
-------------------------++-------
Melee: Unarmed           ||    36
       Dagger            ||    60
       Tailslap          ||     3
 Cast: Magic Dart        ||    37
       Call Imp          ||     9
Armor: Robe              ||    17
Dodge: Dodged            ||    86
